 Dungeon Crawl Stone Soup version 0.19.0 (webtiles) character file.

137 gg19 the Shooter (level 5, 0/35 HPs)
             Began as a High Elf Arcane Marksman on Nov 19, 2016.
             Succumbed to a worker ant's poison
             ... on level 4 of the Dungeon.
             The game lasted 00:08:29 (3762 turns).

gg19 the Shooter (High Elf Arcane Marksman)         Turns: 3762, Time: 00:08:30

Health: 0/35       AC:  8    Str:  9      XL:     5   Next: 0%
Magic:  7/7        EV: 15    Int: 14 (16) God:
Gold:   149        SH:  0    Dex: 17 (18) Spells: 1 memorised, 5 levels left

rFire  . . .     SeeInvis .     a - +0 shortbow
rCold  + . .     Gourm    .     v - +0 ring mail
rNeg   . . .     Faith    .     (shield currently unavailable)
rPois  .         Spirit   .     u - +0 helmet
rElec  .         Reflect  .     (no cloak)
rCorr  .         Harm     .     q - +1 pair of gloves
MR     +....                    (no boots)
Stlth  ++........               (no amulet)
                                m - ring of protection from cold
                                g - ring of protection from magic

@: agile, lethally poisoned (0 -> -3), heavily drained
A: clumsy 1, low mp 1, weak 1
a: no special abilities


You were on level 4 of the Dungeon.
You were hungry.

You visited 1 branch of the dungeon, and saw 4 of its levels.

You collected 149 gold pieces.

Inventory:

Hand Weapons
 a - a +0 shortbow (weapon)
 b - a +0 short sword
 h - a +0 hunting sling
Missiles
 n - 39 stones (quivered)
Armour
 e - a +0 robe
 q - a +1 pair of gloves (worn)
 u - a +0 helmet (worn)
 v - a +0 ring mail (worn)
 x - a +0 scale mail
Jewellery
 g - a ring of protection from magic (left hand)
 m - a ring of protection from cold (right hand)
Scrolls
 l - a scroll of random uselessness
 p - 2 scrolls of remove curse {unknown}
 r - a scroll of enchant weapon {unknown}
 w - a scroll of fog {unknown}
Potions
 j - a potion of haste
Books
 c - a book of Debilitation

   Spells                             Type                      Level
   a - Corona                         Hexes                        1
   b - Slow                           Hexes                        2
   c - Gell's Gravitas                Hexes/Translocation          3
   d - Inner Flame                    Hexes/Fire                   3
   e - Cause Fear                     Hexes                        4
   f - Leda's Liquefaction            Hexes/Earth                  4
Comestibles
 f - 4 bread rations
 o - 2 meat rations


   Skills:
 + Level 2.4(1.1) Fighting
 + Level 2.2(0.9) Short Blades
 * Level 4.8(3.4) Bows
 + Level 2.9(1.6) Dodging
 - Level 1.2(0.0) Spellcasting
 - Level 3.0(1.6) Hexes


You had 5 spell levels left.
You knew the following spells:

 Your Spells              Type           Power        Failure   Level  Hunger
a - Corona                Hex            #......      43%         1    ##.....


Dungeon Overview and Level Annotations

Branches:
Dungeon (4/15)
 Temple: D:4-7

Altars:
Okawaru
Vehumet
Zin


Innate Abilities, Weirdness & Mutations

You are clumsy. (Dex -2)
Your magical capacity is low. (-10% MP)
You are weak. (Str -2)


Message History

You feel sick.
There is a fountain of clear blue water here.
* * * LOW HITPOINT WARNING * * *
You feel sick.
* * * LOW HITPOINT WARNING * * *
You feel sick.
* * * LOW HITPOINT WARNING * * *
You feel sick.
* * * LOW HITPOINT WARNING * * *
You feel sick.
* * * LOW HITPOINT WARNING * * *
You feel sick.
* * * LOW HITPOINT WARNING * * *
You feel sick.
As you read the scroll labeled YCYASI CADELI, it crumbles to dust.
It is a scroll of recharging.
You aren't carrying any rechargeable items.
As you read the scroll labeled SAUMIUZXEU, it crumbles to dust.
The dust glows shining brown!
It was a scroll of random uselessness.
You die...

##++#
#8..# #__#
#⌠@#
##########
####
..........
######.##
#.# #.#
#.# #.#
#####.#
#<....#


There were no monsters in sight!

Vanquished Creatures
  An orc wizard (D:2)
  4 adders (D:2)
  An ooze (D:2)
  A worm (D:2)
  3 dart slugs
  A leopard gecko (D:3)
  An orc (D:3)
  3 bats
  5 giant cockroaches
  6 goblins
  9 hobgoblins
  4 jackals (D:1)
  7 kobolds
  A quokka (D:2)
  3 ball pythons
  3 frilled lizards (D:2)
  5 rats
58 creatures vanquished.

Notes
Turn   | Place    | Note
-------+----------+-------------------------------------------
     0 | D:1      | gg19 the High Elf Arcane Marksman began the quest for the Orb.
     0 | D:1      | Reached XP level 1. HP: 13/13 MP: 3/3
    28 | D:1      | Reached skill level 3 in Bows
   229 | D:1      | Reached XP level 2. HP: 8/18 MP: 4/4
  1111 | D:2      | Reached XP level 3. HP: 15/23 MP: 5/5
  1254 | D:2      | Reached skill level 1 in Short Blades
  1401 | D:2      | Reached skill level 4 in Bows
  1661 | D:2      | Reached XP level 4. HP: 13/29 MP: 6/6
  2983 | D:3      | Found a radiant altar of Vehumet.
  3396 | D:4      | Noticed a crocodile
  3429 | D:3      | Reached XP level 5. HP: 18/35 MP: 7/7
  3743 | D:4      | Found an iron altar of Okawaru.
  3743 | D:4      | Found a glowing silver altar of Zin.
  3744 | D:4      | Gained mutation: You are weak. (Str -2) [potion of mutation]
  3744 | D:4      | Gained mutation: Your magical capacity is low. (-10% MP) [potion of mutation]
  3744 | D:4      | Gained mutation: You are clumsy. (Dex -2) [potion of mutation]
  3755 | D:4      | HP: 1/35 [poisoned by a worker ant]
  3762 | D:4      | Succumbed to a worker ant's poison

Skill      XL: |  1  2  3  4 |
---------------+-------------+-----
Bows           | 3 4 |  4.8
Short Blades   | 1 2 |  2.2
Fighting       | 2 |  2.4
Dodging        | |  2.9
Spellcasting   | |  1.2
Hexes          | |  3.0

Action                   |  1- 3 |  4- 6 || total
-------------------------+-------+-------++-------
Melee: Short sword       |    53 |   139 ||   192
 Fire: Shortbow          |    43 |    29 ||    72
Throw: Stone             |       |     3 ||     3
  Use: Potion            |       |     6 ||     6
       Scroll            |       |     5 ||     5
 Stab: Sleeping          |       |     1 ||     1
  Eat: Pizza             |     1 |     1 ||     2
       Chunk             |       |     4 ||     4
       Beef jerky        |       |     1 ||     1
Armor: Robe              |    17 |    30 ||    47
       Ring mail         |       |     8 ||     8
Dodge: Dodged            |    38 |   116 ||   154
